 Dungeon Crawl Stone Soup version 0.18.1-8-gdd0e5ea (webtiles) character file.

249 Shtopit the Ducker (level 6, 0/48 HPs)
             Began as a Merfolk Transmuter on May 28, 2016.
             Succumbed to an orc wizard's poison
             ... on level 4 of the Dungeon.
             The game lasted 00:12:38 (4698 turns).

Shtopit the Ducker (Merfolk Transmuter)             Turns: 4698, Time: 00:12:38

Health: 0/48       AC:  4    Str:  9 (10) XL:     6   Next: 12%
Magic:  9/9        EV: 14    Int: 12 (13) God:
Gold:   172        SH:  0    Dex: 15 (18) Spells: 2 memorised, 5 levels left

rFire  + . .     SeeInvis .       - Unarmed
rCold  . . .     Gourm    .     v - +0 leather armour (curse)
rNeg   . . .     Faith    .     (no shield)
rPois  .         Spirit   .     (no helmet)
rElec  .         Dismiss  .     m - +0 cloak
rCorr  .         Reflect  .     (no gloves)
SustAt .         Harm     .     (no boots)
MR     .....                    (no amulet)
Stlth  ++........               (no ring)
                                A - ring of protection from fire

@: lethally poisoned (0 -> -13), not resistant to hostile enchantments,
unstealthy
A: change form in water, swift swim, agile 1, deterioration 1, robust 1
a: no special abilities


You were on level 4 of the Dungeon.
You were hungry.

You visited 1 branch of the dungeon, and saw 4 of its levels.

You collected 172 gold pieces.

Inventory:

Missiles
 a - 42 arrows
Armour
 b - a +0 robe
 j - a +0 helmet
 m - a +0 cloak (worn)
 s - a +0 ring mail
 v - a cursed +0 leather armour (worn)
Jewellery
 x - an uncursed amulet of faith
 A - a ring of protection from fire (left hand)
Wands
 e - a wand of slowing (28/48)
 r - a wand of acid (3/15)
Scrolls
 l - a scroll of noise {unknown}
 n - a scroll of magic mapping {unknown}
 o - 2 scrolls of teleportation {unknown}
 p - a scroll of recharging {unknown}
 w - a scroll of fog {unknown}
 y - a scroll of enchant armour {unknown}
Potions
 u - a potion of resistance {unknown}
 z - 2 potions of cure mutation {unknown}
Books
 c - a book of Changes

   Spells                             Type                      Level
   a - Beastly Appendage              Transmutation                1
   b - Sticks to Snakes               Transmutation                2
   c - Spider Form                    Transmutation/Poison         3
   d - Ice Form                       Ice/Transmutation            4
   e - Blade Hands                    Transmutation                5
Comestibles
 d - 3 bread rations
 f - a royal jelly
 i - a meat ration
 k - 2 chunks of flesh
 q - 3 fruits


   Skills:
 + Level 2.1 Fighting
 + Level 0.9 Armour
 + Level 5.0 Dodging
 + Level 1.0 Stealth
 + Level 4.2 Unarmed Combat
 + Level 2.3 Spellcasting
 * Level 4.5 Transmutations


You had 5 spell levels left.
You knew the following spells:

 Your Spells              Type           Power        Failure   Level  Hunger
a - Beastly Appendage     Trmt           ##....       8%          1    ##.....
b - Spider Form           Trmt/Pois      #.........   50%         3    ####...


Dungeon Overview and Level Annotations

Branches:
Dungeon (4/15)
 Temple: D:4-7

Altars:
Cheibriados
Gozag


Innate Abilities, Weirdness & Mutations

You revert to your normal form in water.
You are very nimble and swift while swimming.
You are agile. (Dex +2)
Your body sometimes deteriorates upon taking damage.
You are robust (+10% HP).


Message History

* * * LOW HITPOINT WARNING * * *
You feel sick.
The orc wizard hits you but does no damage.
You hit the orc wizard.
You kill the orc wizard!
You have reached level 6!
Your experience leads to an increase in your attributes!
Your base attributes are Str 10, Int 13, Dex 15.
Increase (S)trength, (I)ntelligence, or (D)exterity?
You feel agile.
* * * LOW HITPOINT WARNING * * *
You feel sick.
Drink which item? (? for menu, Esc to quit)
It was a potion of magic.
Magic courses through your body.
* * * LOW HITPOINT WARNING * * *
You feel sick.
Drink which item? (? for menu, Esc to quit)
It was a potion of mutation.
You feel extremely strange.
You feel yourself wasting away.
You feel robust.
You feel agile.
You die...

#.# #.#.##..## #.#
###.#o# #####.#
#.....# .
......#####.#.#.##.
#...<...........
##.#####.#.#.##.
#.# #.....# #
####.#######)#.#
#...........@..#
#.##....####[### ##
#.#####.# #.# #.
#.#####.# #.#
#######. #....##.#
#..# #.......
####.##># ##.#
#.###### #.##.# .#
#.# #.##.# .#
#.###### #.##.# ..
#.......


There were no monsters in sight!

Vanquished Creatures
  2 orc priests (D:4)
  An orc wizard (D:4)
  A gnoll (D:3)
  6 adders
  An ooze (D:1)
  2 worms (D:2)
  3 dart slugs
  A giant gecko (D:3)
  10 orcs
  2 giant cockroaches (D:3)
  7 goblins
  8 hobgoblins
  4 jackals
  2 quokkas
  10 bats
  4 giant newts
  7 kobolds
  5 rats
76 creatures vanquished.

Notes
Turn   | Place    | Note
--------------------------------------------------------------
     0 | D:1      | Shtopit the Merfolk Transmuter began the quest for the Orb.
     0 | D:1      | Reached XP level 1. HP: 15/15 MP: 3/3
     2 | D:1      | Noticed a gargoyle
     2 | D:1      | Noticed a felid
     4 | D:1      | Noticed a dwarf
     4 | D:1      | Noticed a draconian
     6 | D:1      | Noticed a naga
     6 | D:1      | Noticed a centaur
     8 | D:1      | Noticed an ogre
     8 | D:1      | Noticed a halfling
    10 | D:1      | Noticed a ghoul
    10 | D:1      | Noticed an octopode
    12 | D:1      | Noticed a tengu
    12 | D:1      | Noticed a demigod
    14 | D:1      | Noticed a troll
    16 | D:1      | Noticed a vine stalker
    16 | D:1      | Noticed a formicid
    18 | D:1      | Noticed a vampire
    20 | D:1      | Noticed a demonspawn
    20 | D:1      | Noticed an elf
    22 | D:1      | Noticed a human
    22 | D:1      | Noticed a spriggan
    24 | D:1      | Noticed a merfolk
    26 | D:1      | Noticed a minotaur
   299 | D:1      | Reached skill level 3 in Dodging
   299 | D:1      | Reached XP level 2. HP: 19/21 MP: 1/5
  1093 | D:2      | Reached XP level 3. HP: 19/26 MP: 6/6
  1177 | D:2      | Learned a level 3 spell: Spider Form
  2008 | D:2      | Reached XP level 4. HP: 32/32 MP: 7/7
  2187 | D:2      | Found an opulent altar of Gozag.
  2784 | D:3      | Reached skill level 4 in Dodging
  3092 | D:3      | HP: 1/33 [kobold/club (3)]
  3375 | D:3      | Found a snail-covered altar of Cheibriados.
  3402 | D:3      | Reached XP level 5. HP: 17/38 MP: 8/8
  4635 | D:4      | Reached skill level 1 in Stealth
  4683 | D:4      | Reached skill level 5 in Dodging
  4696 | D:4      | Reached XP level 6. HP: 2/44 MP: 9/9
  4696 | D:4      | HP: 2/44 [poisoned by an orc wizard]
  4698 | D:4      | Gained mutation: Your body sometimes deteriorates upon taking damage. [potion of mutation]
  4698 | D:4      | Gained mutation: You are robust (+10% HP). [potion of mutation]
  4698 | D:4      | Gained mutation: You are agile. (Dex +2) [potion of mutation]
  4698 | D:4      | Succumbed to an orc wizard's poison

Skill      XL: |  1  2  3  4  5 |
---------------+----------------+-----
Dodging        | 3 4 5 |  5.0
Transmutations | 3 4 |  4.5
Unarmed Combat | 4 |  4.2
Fighting       | 2 |  2.1
Stealth        | 1 |  1.0
Armour         | |  0.9
Spellcasting   | |  2.3

Action                   |  1- 3 |  4- 6 || total
-------------------------+-------+-------++-------
Melee: Unarmed           |   127 |   269 ||   396
       Headbutt          |     2 |    12 ||    14
       Punch             |     3 |     4 ||     7
 Cast: Beastly Appendage |    12 |     8 ||    20
  Use: Potion            |       |     7 ||     7
       Scroll            |       |     2 ||     2
 Stab: Sleeping          |       |     1 ||     1
  Eat: Chunk             |     3 |     8 ||    11
       Pizza             |       |     1 ||     1
Armor: Robe              |    37 |    13 ||    50
       Leather armour    |       |    40 ||    40
Dodge: Dodged            |    76 |   189 ||   265
